 Dungeon Sprint DCSS version 0.30-a0-824-g6c64550be9 (webtiles) character file.

Game seed: 9485061554569571980

1211 BigDaddyOpFi the Cleaver (level 8, -2/123 HPs)
             Began as a Minotaur Berserker on Feb 27, 2023.
             Was a Priest of Trog.
             Slain by Sonja
             ... wielding a +2 dagger of venom
              (5 damage)
             ... in the Dungeon (Sprint I: "Red Sonja").
             The game lasted 00:00:57 (835 turns).

BigDaddyOpFi the Cleaver (Minotaur Berserker)        Turns: 835, Time: 00:00:57

Health: -2/123     AC:  3    Str: 24    XL:     8   Next: 22%
Magic:  7/7        EV: 15    Int:  4    God:    Trog [***...]
Gold:   426        SH:  0    Dex: 10    Spells: 7/7 levels left

rFire   . . .      SeeInvis .    a - +0 hand axe
rCold   . . .      Faith    .    (no shield)
rNeg    . . .      Spirit   .    b - +0 animal skin
rPois   .          Reflect  .    (helmet restricted)
rElec   .          Harm     .    (no cloak)
rCorr   .          Rampage  .    (no gloves)
Will    .....      NoTele   +    (no boots) Stlth
                                 (no amulet)
HPRegen 0.40/turn                (no ring)
MPRegen 0.10/turn                (no ring)

@: berserking, lethally poisoned (-2 -> -95), hasted and slowed
A: horns 2, retaliatory headbutt
a: Renounce Religion, Berserk, Trog's Hand


You were in the Dungeon.
You worshipped Trog.
Trog was most pleased with you.
You visited 1 branch You collected 426 gold pieces.

Inventory:

Hand Weapons
 a - a +0 hand axe (weapon)
Armour
 b - a +0 animal skin (worn)
Wands
 i - a wand of roots (2)
Scrolls
 h - a scroll of blinking
Potions
 d - a potion of heal wounds
 f - 2 potions of magic
 j - a potion of mutation {unknown}


   Skills:
 + Level 11.5 Fighting
 + Level 11.5 Axes
 + Level 11.2 Armour
 + Level 10.2 Dodging


You had 7 spell levels left.
You didn't know any spells.
Your spell library was empty.

Dungeon Overview and Level Annotations

Branches:
Dungeon (1/1)

Altars:
Cheibriados
Dithmenos
Elyvilon
Fedhas
Gozag
Hepliaklqana
Kikubaaqudgha
Makhleb
Nemelex Xobeh
Okawaru
Qazlal
Ru
Sif Muna
Trog
Uskayaw
Vehumet
Wu Jian
Xom
Yredelemnul
Zin
The Shining One
Jiyva
Lugonu

Shops:
D *

Annotations:
D Sonja


Innate Abilities, Weirdness & Mutations

You have a pair of horns on your head.
You reflexively headbutt those who attack you in melee.


Message History

Sonja hits you with a +2 dagger of venom.
You are poisoned.
Sonja misses you.
Sonja hits you with a +2 dagger of venom.
You are more poisoned.
Sonja hits you with a +2 dagger of venom.
You are more poisoned.
Sonja hits you with a +2 dagger of venom.
You are more poisoned.
Sonja hits you with a +2 dagger of venom.
You are more poisoned.
You completely miss Sonja. Your headbutt misses Sonja.
You feel extremely sick.
Sonja hits you with a +2 dagger of venom.
You are more poisoned.
Sonja misses you.
Sonja hits you with a +2 dagger of venom.
You are more poisoned.
You closely miss Sonja. Your headbutt misses Sonja.
You feel extremely sick. Sonja barely misses you. Sonja completely misses you.
Sonja hits you with a +2 dagger of venom!
You are more poisoned.
You barely miss Sonja.
* * * LOW HITPOINT WARNING * * *
You feel extremely sick.
Sonja bows elegantly.
Sonja hits you with a +2 dagger of venom!
* * * LOW HITPOINT WARNING * * *
You are more poisoned.
Sonja barely misses you.
Sonja hits you with a +2 dagger of venom.
* * * LOW HITPOINT WARNING * * *
You are more poisoned.
You closely miss Sonja.
* * * LOW HITPOINT WARNING * * *
You feel extremely sick. Sonja closely misses you.
Sonja hits you with a +2 dagger of venom.
You die...

#..)..#..').#..'..'..#...#
#..#####'#####'#__####...+
#..## #..#...#[####§§#####
#..#__####..##.#~~~§c#
#..#_____##'#_.+~§§..+
#⌠⌠#_.∩...÷..._#~~§§c#
####_..__##_.#'# +####
#_____ ##'#.# ###### #@###


+$K$+ #$.$# ##.## #+# You could see Sonja.

Vanquished Creatures
  2 kobold demonologists (D)
  A slime creature (D)
  Sigmund (D)
  A yak (D)
  A floating eye (D)
  An ogre (D)
  A jelly (D)
  Ijyb (D)
9 creatures vanquished.

Notes
Turn   | Place    | Note
-------+----------+-------------------------------------------
     0 | D        | BigDaddyOpFi the Minotaur Berserker began the quest for the
                  | Orb.
     0 | D        | Reached XP level 1. HP: 19/19 MP: 0/0
     1 | D        | Noticed Ijyb
    10 | D        | Killed Ijyb
    11 | D        | Reached skill level 5 in Fighting
    11 | D        | Reached skill level 5 in Axes
    11 | D        | Reached XP level 2. HP: 6/29 MP: 1/1
   235 | D        | Noticed an ogre
   240 | D        | Killed an ogre
   241 | D        | Reached skill level 5 in Armour
   241 | D        | Reached skill level 5 in Dodging
   241 | D        | Reached XP level 3. HP: 38/38 MP: 2/2
   241 | D        | Reached XP level 4. HP: 45/45 MP: 3/3
   308 | D        | Noticed Sigmund
   316 | D        | Killed Sigmund
   316 | D        | Reached ** piety under Trog
   317 | D        | Reached XP level 5. HP: 55/55 MP: 4/4
   317 | D        | Reached XP level 6. HP: 62/62 MP: 5/5
   546 | D        | Found an ornate altar of the Wu Jian Council.
   546 | D        | Found a shimmering blue altar of Sif Muna.
   548 | D        | Found a radiant altar of Vehumet.
   560 | D        | Found Xoenoke's General Store.
   560 | D        | Found an ancient bone altar of Kikubaaqudgha.
   560 | D        | Found a hazy altar of Hepliaklqana.
   560 | D        | Found a stormy altar of Qazlal.
   560 | D        | Found a hide-covered altar of Uskayaw.
   560 | D        | Found a blossoming altar of Fedhas.
   560 | D        | Found a bloodstained altar of Trog.
   560 | D        | Found an iron altar of Okawaru.
   560 | D        | Found a basalt altar of Yredelemnul.
   560 | D        | Found a glowing golden altar of the Shining One.
   560 | D        | Found a snail-covered altar of Cheibriados.
   560 | D        | Found a sacrificial altar of Ru.
   560 | D        | Found a glowing silver altar of Zin.
   560 | D        | Found a shadowy altar of Dithmenos.
   560 | D        | Found a white marble altar of Elyvilon.
   560 | D        | Noticed a yak
   564 | D        | Killed a yak
   565 | D        | Found an opulent altar of Gozag.
   566 | D        | Found a sparkling altar of Nemelex Xobeh.
   631 | D        | Noticed a centaur warrior
   631 | D        | Noticed a centaur warrior
   637 | D        | Found a burning altar of Makhleb.
   637 | D        | Found a viscous altar of Jiyva.
   637 | D        | Found a shimmering altar of Xom.
   637 | D        | Found a corrupted altar of Lugonu.
   637 | D        | Noticed a slime creature
   642 | D        | Killed a slime creature
   643 | D        | Reached skill level 10 in Fighting
   643 | D        | Reached skill level 10 in Axes
   643 | D        | Reached XP level 7. HP: 72/72 MP: 6/6
   717 | D        | Noticed a kobold demonologist
   717 | D        | Noticed a kobold demonologist
   719 | D        | Reached *** piety under Trog
   720 | D        | Reached skill level 10 in Armour
   721 | D        | Killed a kobold demonologist
   726 | D        | Killed a kobold demonologist
   727 | D        | Reached skill level 10 in Dodging
   727 | D        | Reached XP level 8. HP: 82/82 MP: 7/7
   825 | D        | Noticed Sonja
   835 | D        | HP: 3/123 [poisoned by Sonja]
   835 | D        | Slain by Sonja

Illustrated notes

Levels and vault maps discovered:
D:        dungeon_sprint_1 [red_sonja_temple_1, red_sonja_temple_small_1]

Skill      XL: |  1  2  3  4  5  6  7 |
---------------+----------------------+-----
Fighting       | 5 6 8 10 11 | 11.5
Axes           | 5 6 8 10 11 | 11.5
Armour         | 4 5 7 9 11 | 11.2
Dodging        | 3 5 7 8 10 | 10.2

Action                     |  1- 3 |  4- 6 |  7- 9 || total
---------------------------+-------+-------+-------++-------
  Melee: Hand axe          |    12 |    16 |    13 ||    41
         Headbutt          |     3 |     3 |     2 ||     8
 Invoke: Berserk           |     2 |     3 |     1 ||     6
    Use: Potion            |       |       |     3 ||     3
 Armour: Animal skin       |     1 |       |       ||     1
  Dodge: Dodged            |     2 |     9 |    18 ||    29

Table legend: (Time is in decaauts)
 A = Elapsed time spent in this place.
 B = Non-inter-level travel time spent in this place.
 C = Inter-level travel time spent in this place.
 D = Time resting spent in this place.
 E = Time spent auto-exploring this place.
 F = Levels seen in this place.
 G = Mean time per level.
                   A        B        C        D        E       F      G
               +--------+--------+--------+--------+--------+-----+--------+
         Total |    880 |    880 |      0 |    732 |      0 |   1 |  880.0 |
       Dungeon |    880 |    880 |      0 |    732 |      0 |   1 |  880.0 |
               +--------+--------+--------+--------+--------+-----+--------+

Top non-repeatable levels by time:
       D: 880 daAuts
